 Dungeon Crawl Stone Soup version 0.23-a0-183-gf37f6fb (webtiles) character file.

773 Gildeon the Cleaver (level 7, -8/61 HPs)
             Began as a Minotaur Fighter on Sept 21, 2018.
             Was a Follower of Makhleb.
             Killed by divine providence
             ... invoked by an orc priest
              (13 damage)
             ... on level 5 of the Dungeon.
             The game lasted 00:15:12 (4478 turns).

Gildeon the Cleaver (Minotaur Fighter)              Turns: 4478, Time: 00:15:14

Health: -8/61      AC: 14    Str: 19    XL:     7   Next: 53%
Magic:  6/6        EV:  5    Int:  5    God:    Makhleb [*.....]
Gold:   277        SH:  9    Dex: 11    Spells: 6/6 levels left

rFire    + . .     SeeInvis .   a - +1 war axe
rCold    + . .     Gourm    .   c - +0 shield
rNeg     . . .     Faith    .   l - +0 chain mail
rPois    .         Spirit   .   (helmet restricted)
rElec    .         Reflect  .   (no cloak)
rCorr    .         Harm     .   d - +1 pair of gloves of Qyed {+Blink rF+ Str-2}
MR       .....                  (no boots)
Stlth    ..........             (no amulet)
HPRegen  0.20/turn              g - ring of protection from cold
MPRegen  0.10/turn              n - +3 ring of protection

@: no status effects
A: retaliatory headbutt, horns 2
a: Renounce Religion, Evoke Blink


You were on level 5 of the Dungeon.
You worshipped Makhleb.
Makhleb was aware of your devotion.
You were not hungry.

You visited 2 branches of the dungeon, and saw 6 of its levels.

You collected 277 gold pieces.

Inventory:

Hand Weapons
 a - a +1 war axe (weapon)
Armour
 c - a +0 shield (worn)
 d - the +1 pair of gloves of Qyed (worn) {+Blink rF+ Str-2}
   (You found it on level 4 of the Dungeon)

   It affects your strength (-2).
   It protects you from fire.
   It lets you blink.
 l - a +0 chain mail (worn)
Jewellery
 g - a ring of protection from cold (left hand)
 n - a +3 ring of protection (right hand)
Scrolls
 e - 10 scrolls of identify
 h - 3 scrolls of remove curse
 k - 2 scrolls of teleportation
Potions
 b - a potion of agility
 i - a potion of flight
Comestibles
 f - 8 rations
 r - 3 chunks of flesh


   Skills:
 - Level 5.1 Fighting
 * Level 9.5 Axes
 + Level 4.0 Armour
 - Level 3.6 Shields


You had 6 spell levels left.
You didn't know any spells.
Your spell library was empty.

Dungeon Overview and Level Annotations

Branches:
Dungeon (5/15)             Temple (1/1) D:4

Altars:
Ashenzari
Cheibriados
Dithmenos
Elyvilon
Fedhas
Gozag
Kikubaaqudgha
Makhleb
Okawaru
Qazlal
Sif Muna
Trog
Uskayaw
Vehumet
Wu Jian
Xom
Yredelemnul
Zin
The Shining One

Annotations:
D:3 3 runed doors, Rhok's ghost, amateur HOGl


Innate Abilities, Weirdness & Mutations

You reflexively headbutt those who attack you in melee.
You have a pair of horns on your head.


Message History

The orc priest's wounds heal themselves!
You slash the orc priest!
You headbutt the orc priest, but do no damage.
The orc priest is heavily wounded.
The orc priest looks braver for a moment.
The orc priest calls upon Beogh to heal the orc priest.
The orc priest is healed somewhat.
Your shield and chain mail prevent you from hitting the orc priest.
The orc priest is lightly wounded.
The orc priest mumbles some strange prayers to Beogh against you.
Beogh smites you!
* * * LOW HITPOINT WARNING * * *
The orc priest calls down the wrath of Beogh upon you.
Beogh smites you!
* * * LOW HITPOINT WARNING * * *
Okay, then.
The orc priest casts a cantrip, but nothing happens.
The orc priest mumbles some strange prayers to Beogh against you.
Beogh smites you!
You die...

..# ..# o. . .# ..
#########o## ...
#........o.#..#
#.......o....#
#...........##
#...[...@..##
#..........###
#..............# ###
#................ ...
#..........####..# ..
##........## #..###.#
##.....#.#####......# #
##.................. ..
#........####..##.###...


You could see 3 orc priests and an orc.

Vanquished Creatures
  Sigmund (D:2)
  A phantom (D:5)
  An ogre (D:4)
  A scorpion (D:4)
  A howler monkey (D:4)
  2 orc wizards (D:4)
  2 iguanas (D:2)
  A worker ant (D:4)
  A hound skeleton (D:4)
  A worker ant zombie (D:5)
  6 gnolls
  5 adders
  An ooze (D:2)
  A worm (D:2)
  A dart slug (D:1)
  5 leopard geckos
  6 orcs
  6 giant cockroaches
  11 hobgoblins
  4 quokkas
  5 bats
  6 frilled lizards
  7 goblins
  A jackal skeleton (D:4)
  8 kobolds
  A leopard gecko skeleton (D:4)
  A quokka skeleton (D:4)
  A quokka zombie (D:5)
  10 rats
98 creatures vanquished.

Notes
Turn   | Place    | Note
-------+----------+-------------------------------------------
     0 | D:1      | Gildeon the Minotaur Fighter began the quest for the Orb.
     0 | D:1      | Reached XP level 1. HP: 19/19 MP: 0/0
   149 | D:1      | Reached skill level 3 in Axes
   158 | D:1      | Reached XP level 2. HP: 26/26 MP: 1/1
   407 | D:1      | Reached skill level 4 in Axes
   687 | D:1      | Reached XP level 3. HP: 31/31 MP: 2/2
  1107 | D:2      | Found a bloodstained altar of Trog.
  1126 | D:2      | Reached skill level 5 in Axes
  1242 | D:2      | Reached XP level 4. HP: 26/39 MP: 3/3
  1631 | D:2      | Noticed Sigmund
  1647 | D:2      | Killed Sigmund
  1647 | D:2      | Reached skill level 7 in Axes
  1647 | D:2      | Reached XP level 5. HP: 19/45 MP: 4/4
  1733 | D:2      | Reached XP level 6. HP: 30/51 MP: 5/5
  2057 | D:3      | Found a runed gate.
  2057 | D:3      | Found a runed gate.
  2061 | D:3      | Found a runed gate.
  2065 | D:3      | Noticed Rhok's ghost (amateur HOGl)
  2229 | D:3      | Found a blossoming altar of Fedhas.
  2229 | D:3      | Found an ornate altar of the Wu Jian Council.
  2230 | D:3      | Found a burning altar of Makhleb.
  2230 | D:3      | Found an opulent altar of Gozag.
  2233 | D:3      | Became a worshipper of Makhleb the Destroyer
  2320 | D:3      | Reached skill level 8 in Axes
  2730 | D:3      | Found an ancient bone altar of Kikubaaqudgha.
  3072 | D:4      | Found a white marble altar of Elyvilon.
  3091 | D:4      | Found a staircase to the Ecumenical Temple.
  3103 | Temple   | Entered the Ecumenical Temple
  3495 | D:4      | Reached * piety under Makhleb
  3694 | D:4      | Reached XP level 7. HP: 37/60 MP: 6/6
  3865 | D:4      | Reached skill level 9 in Axes
  3877 | D:4      | Reached skill level 5 in Fighting
  4275 | D:4      | Got a pair of distressingly furry gloves
  4281 | D:4      | Identified the +1 pair of gloves of Qyed {+Blink rF+ Str-2}
                  | (You found it on level 4 of the Dungeon)
  4379 | D:5      | Entered Level 5 of the Dungeon
  4478 | D:5      | Killed from afar by an orc priest

Vault maps used:
D:1:      dpeg_arrival_rhombi, minmay_tromino_i2
D:2:      lemuel_crystal_altar, uniq_sigmund
D:3:      grunt_temple_overflow_open, lemuel_coloured_pillars_altar,
          gammafunk_ghost_nasty_kobolds
D:4:      lemuel_crystal_altar, minmay_temple_entry_hall, first_ration
Temple:   hc_temple_tempest_star

Skill      XL: |  1  2  3  4  5  6  7 |
---------------+----------------------+-----
Axes           | 3 4 5 7 8 9 |  9.5
Fighting       | 4 5 |  5.1
Armour         | 4 |  4.0
Shields        | |  3.6

Action                   |  1- 3 |  4- 6 |  7- 9 || total
-------------------------+-------+-------+-------++-------
Melee: War axe           |    69 |   163 |    37 ||   269
       Headbutt          |     8 |    23 |     9 ||    40
  Use: Scroll            |     6 |     2 |     3 ||    11
       Potion            |     1 |     2 |     1 ||     4
  Eat: Chunk             |     1 |     8 |     1 ||    10
       Ration            |       |       |     1 ||     1
Armor: Scale mail        |    50 |    18 |       ||    68
       Chain mail        |       |    41 |     6 ||    47
Dodge: Dodged            |    22 |    24 |     3 ||    49
Block: Shield            |    45 |    58 |    13 ||   116

Table legend:
 A = Non-vault XP
 B = Vault XP
 C = Vault XP percentage of total XP
 D = Non-vault monster count
 E = Vault monster count
 F = Vault count percentage of total count
                 A         B        C        D         E       F
            +---------+---------+-------+---------+---------+-------
      Total |     879 |     226 |  20.5 |      95 |       3 |   3.1
            +---------+---------+-------+---------+---------+-------
        D:1 |      41 |       3 |   6.8 |      24 |       2 |   7.7
        D:2 |     165 |     223 |  57.5 |      22 |       1 |   4.3
        D:3 |      79 |       0 |   0.0 |      20 |       0 |   0.0
        D:4 |     446 |       0 |   0.0 |      23 |       0 |   0.0
        D:5 |     148 |       0 |   0.0 |       6 |       0 |   0.0
            +---------+---------+-------+---------+---------+-------
